 Dungeon Crawl Stone Soup version 0.28-a0-384-g9e0c098162 (webtiles) character file.

Game seed: 8733936740063698532

5180 CraigForest the Cleaver (level 10, 0/88 HPs)
             Began as a Naga Delver on Sept 2, 2021.
             Was an Elder of Okawaru.
             Slain by bande's ghost (6 damage)
             ... on level 9 of the Dungeon.
             The game lasted 01:04:19 (10734 turns).

CraigForest the Cleaver (Naga Delver)              Turns: 10734, Time: 01:04:25

Health: 0/88       AC: 10    Str: 16    XL:     10   Next: 60%
Magic:  12/14      EV: 18    Int: 11    God:    Okawaru [****..]
Gold:   69         SH:  0    Dex: 20    Spells: 6/9 levels left

rFire   . . .      SeeInvis +   b - +0 battleaxe (flame)
rCold   . . .      Faith    .   (shield currently unavailable)
rNeg    . . .      Spirit   .   r - +0 troll leather armour
rPois   +          Reflect  .   I - +0 helmet
rElec   .          Harm     .   x - +1 cloak
rCorr   .          Rampage  .   (no gloves)
Will    +....                   (no barding)
Stlth   +++++.....              (no amulet)
HPRegen 1.24/turn               t - +4 ring of evasion
MPRegen 0.14/turn               N - +6 ring of dexterity

@: about to teleport, heroic, very slow
A: AC +3, large, see invisible, deformed body, poison resistance, slowness 2,
spit poison 1, naga tail 1
a: Spit Poison, Renounce Religion, Heroism, Finesse


You were on level 9 of the Dungeon.
You worshipped Okawaru.
Okawaru was greatly pleased with you.
You visited 2 branches of the dungeon, and saw 10 of its levels.

You collected 388 gold pieces.
You spent 319 gold pieces at shops.

Inventory:

Hand Weapons
 a - a +0 arbalest
 b - a +0 battleaxe of flaming (weapon)
 e - a +1 halberd of freezing
 h - a +3 dagger
 l - a +0 hand axe
 s - a +0 shortbow
 y - a +0 hunting sling
 A - a +1 whip of freezing
 L - a +1 flail of protection
 Q - a +1 dagger of distortion
 S - a +0 war axe
Missiles
 i - 314 stones
 q - 171 arrows
 v - 85 bolts
 E - 9 boomerangs
 P - 4 poisoned darts
Armour
 d - a +3 chain mail
 j - a +0 leather armour
 r - a +0 troll leather armour (worn)
 x - a +1 cloak (worn)
 C - a +0 robe of willpower
 I - a +0 helmet (worn)
 O - +0 steam dragon scales
 R - a +0 plate armour
Magical Staves
 w - a staff of conjuration
Jewellery
 t - a +4 ring of evasion (left hand)
 N - a +6 ring of dexterity (right hand)
Wands
 g - a wand of digging (3)
 k - a wand of flame (21)
 D - a wand of iceblast (18)
 G - a wand of acid (8)
Scrolls
 c - 3 scrolls of fog
 o - 2 scrolls of immolation
 u - 3 scrolls of teleportation
 H - a scroll of magic mapping
Potions
 f - 2 potions of haste
 m - a potion of mutation
 n - a potion of brilliance
 p - 2 potions of cancellation
 z - 3 potions of magic
 B - a potion of might {unknown}
 K - a potion of ambrosia
 M - a potion of curing


   Skills:
 - Level 5.0(10.0) Fighting
 - Level 0.4(5.4) Short Blades
 - Level 10.4(16.0) Axes
 - Level 5.2(13.5) Maces & Flails
 - Level 0.3(5.3) Crossbows
 - Level 4.1(9.1) Armour
 - Level 2.0(7.0) Dodging
 - Level 7.2(12.2) Stealth
 + Level 4.3 Transmutations
 - Level 6.0 Invocations


You had 6 spell levels left.
You knew the following spells:

 Your Spells              Type           Power      Damage    Failure   Level
a - Beastly Appendage     Tmut           18%        N/A       7%          1
b - Wereblood             Tmut           9%         N/A       11%         2

Your spell library contained the following spells:

 Spells                   Type           Power      Damage    Failure   Level
 Spider Form              Tmut/Pois      2%         N/A       45%         3
 Dazzling Flash           Conj/Hex       0%         N/A       77%         3
 Inner Flame              Hex/Fire       0%         N/A       77%         3
 Cause Fear               Hex            0%         N/A       99%         4
 Agony                    Necr           0%         N/A       100%        5
 Silence                  Hex/Air        0%         N/A       100%        5
 Discord                  Hex            0%         N/A       100%        8


Dungeon Overview and Level Annotations

Branches:
Dungeon (9/15)             Temple (1/1) D:5            Lair (0/6) D:8
    Orc: D:9-12

Altars:
Ashenzari
Dithmenos
Elyvilon
Fedhas
Gozag
Kikubaaqudgha
Okawaru
Qazlal
Ru
Sif Muna
Trog
Uskayaw
Wu Jian
Xom
Beogh

Shops:
D:6 ?   D:7 =*

Annotations:
D:9 bande's ghost, journeyman GrFi


Innate Abilities, Weirdness & Mutations

Your serpentine skin is tough. (AC +3)
You have supernaturally acute eyesight. (SInv)
Armour fits poorly on your strangely shaped body.
Your system is resistant to poisons. (rPois)
You cover ground very slowly.
You can spit poison.
You have a snake-like lower body.


Message History

B - a sedimented green potion
Found a leather armour.
You see here a +0 leather armour.
q - 171 arrows (gained 25)
Found a stone staircase leading up.
There is a stone staircase leading up here.
There is a stone staircase leading up here.
Things that are here:
a +0 chain mail; a +0 long sword
Things that are here:
a +0 chain mail; a +0 long sword Bande's ghost turns its malevolent gaze towards you.
Press: ? - help, v - describe, . - travel
Here: bande's ghost, wielding a weapon of protection (fire blocked by a translucent stone wall)
The floor.
Press: ? - help, v - describe, . - travel
Here: a spectral wolf spider (fire blocked by a runed translucent door)
The floor.
Could not travel, unopened runed door.
You gain the combat prowess of a mighty hero.
You open the gate.
The centaur warrior simulacrum hits you.
The centaur warrior simulacrum freezes you!!
The centaur warrior simulacrum kicks you but does no damage.
You barely miss bande's ghost.
You slash the centaur warrior simulacrum!
You melt the centaur warrior simulacrum.
Bande's ghost whispers, "Meet the emptiness of death!"
Bande's ghost hits you!
The centaur warrior simulacrum hits you.
The centaur warrior simulacrum freezes you!!
* * * LOW HITPOINT WARNING * * *
The centaur warrior simulacrum completely misses you.
As you read the scroll of teleportation, it crumbles to dust.
You feel strangely unstable.
The spectral wolf spider closely misses you.
The spectral wolf spider bites you!
* * * LOW HITPOINT WARNING * * *
Bande's ghost hits you.
You die...

.........# #.# #.# .#.#.#>#.#
######### #.# .........#
#..#.#..# #.# #..#######
##.!"!.## #.# ...# #.......#
#.###
#..##########.....###########....
...........#....ZZZ#.............
...###########'ZW#########..#####
#..# #..ZZ@..# #..# #..#
###...### #..# #..# #...# #..#
#..# #...# #..#
#..###########...# #..#
.................#########..#####
.....)...........................
....).)......................####
#................#########...#


You could see a spectral wolf spider, bande's ghost, 3 centaur warrior simulacra
and 2 centaur warrior zombies.

Vanquished Creatures
  A two-headed ogre (D:8)
  Pikel (D:5)
  A troll (D:9)
  5 yaks (D:9)
  A wyvern (D:7)
  Sigmund (D:2)
  2 steam dragons
  Menkaure (D:5)
  An ice beast (D:5)
  3 orc warriors (D:9)
  An ogre (D:7)
  4 centaurs
  A phantom (D:5)
  A kobold brigand (D:9)
  2 bullfrogs
  A gnoll sergeant (D:9)
  A scorpion (D:6)
  2 jellies
  6 killer bees (D:8)
  3 howler monkeys
  3 centaur zombies
  4 orc priests
  A bullfrog skeleton (D:5)
  3 iguanas
  Natasha (thrice) (D:2)
  10 orc wizards
  A killer bee zombie (D:9)
  2 howler monkey zombies (D:5)
  8 gnolls
  3 adders
  2 white imps
  2 worms
  2 dart slugs
  23 orcs
  5 ball pythons
  6 endoplasms
  4 giant cockroaches
  8 goblins
  7 hobgoblins
  3 jackals
  4 quokkas
  4 bats
  3 frilled lizards
  11 kobolds
  6 rats
167 creatures vanquished.

Vanquished Creatures (others)
  A kobold (D:9)
1 creature vanquished.

Grand Total: 168 creatures vanquished

Notes
Turn   | Place    | Note
-------+----------+-------------------------------------------
     0 | D:5      | CraigForest the Naga Delver began the quest for the Orb.
     0 | D:5      | Reached XP level 1. HP: 21/21 MP: 1/1
     8 | D:5      | Found a staircase to the Ecumenical Temple.
    15 | Temple   | Entered the Ecumenical Temple
   332 | Temple   | Became a worshipper of Warmaster Okawaru
   389 | D:5      | Reached XP level 2. HP: 14/28 MP: 1/3
   554 | D:5      | Reached XP level 3. HP: 5/34 MP: 3/5
  1260 | D:3      | Reached XP level 4. HP: 31/42 MP: 6/6
  1343 | D:3      | Found a faded altar of an unknown god.
  1618 | D:2      | Noticed Sigmund
  1641 | D:2      | Killed Sigmund
  1641 | D:2      | Reached * piety under Okawaru
  1642 | D:2      | Reached XP level 5. HP: 27/49 MP: 8/8
  2129 | D:1      | Reached XP level 6. HP: 56/56 MP: 9/9
  2425 | D:1      | Reached skill level 1 in Maces & Flails
  2847 | D:2      | Noticed Natasha
  2853 | D:2      | Killed Natasha
  3075 | D:2      | Noticed Natasha
  3080 | D:2      | Killed Natasha
  3107 | D:2      | Noticed Natasha
  3123 | D:2      | Killed Natasha
  3434 | D:3      | You fall into a shaft and drop 2 floors!
  3640 | D:3      | Found an ancient bone altar of Kikubaaqudgha.
  3849 | D:3      | Reached XP level 7. HP: 55/62 MP: 10/10
  4287 | D:4      | Found a stormy altar of Qazlal.
  4491 | D:4      | You fall into a shaft and drop 2 floors!
  4503 | D:6      | Reached skill level 5 in Maces & Flails
  4575 | D:6      | Found a white marble altar of Elyvilon.
  4729 | D:6      | Found Cysk's Magic Scroll Boutique.
  4734 | D:6      | Bought a scroll of identify for 20 gold pieces
  4734 | D:6      | Bought a scroll of noise for 10 gold pieces
  4734 | D:6      | Bought a scroll of fear for 35 gold pieces
  4734 | D:6      | Bought a scroll of identify for 20 gold pieces
  4838 | D:5      | Reached ** piety under Okawaru
  4839 | D:5      | Reached skill level 3 in Axes
  4840 | D:5      | Noticed Pikel
  4852 | D:5      | Killed Pikel
  4853 | D:5      | Reached skill level 6 in Axes
  4853 | D:5      | Reached XP level 8. HP: 19/69 MP: 8/11
  5254 | D:5      | Reached *** piety under Okawaru
  5482 | D:5      | Noticed Menkaure
  5498 | D:5      | HP: 1/69 [Menkaure (9)]
  5501 | D:5      | Killed Menkaure
  5502 | D:5      | Reached skill level 7 in Axes
  6848 | D:7      | Reached skill level 8 in Axes
  6848 | D:7      | Reached XP level 9. HP: 42/75 MP: 9/12
  7265 | D:7      | Found Esuokesk's CLEARANCE SALE! EVERYTHING MUST GO!.
  7306 | D:7      | Found Toym Sei's Jewellery Shoppe.
  7607 | D:8      | Reached skill level 9 in Axes
  7620 | D:8      | Noticed a two-headed ogre
  7629 | D:8      | Killed a two-headed ogre
  7629 | D:8      | Reached **** piety under Okawaru
  7943 | D:8      | Found a staircase to the Lair.
  8024 | D:8      | Reached skill level 10 in Axes
  8306 | D:8      | Reached skill level 5 in Fighting
  8306 | D:8      | Reached XP level 10. HP: 25/88 MP: 13/13
  8651 | D:7      | Bought a +6 ring of dexterity for 234 gold pieces
  8697 | D:9      | Reached skill level 5 in Invocations
  9092 | D:9      | Found a runed translucent door.
  9718 | D:9      | Found a runed translucent gate.
  9718 | D:9      | Found a runed translucent gate.
  9718 | D:9      | Found a runed translucent gate.
  9721 | D:9      | Noticed a spectral wolf spider
  9723 | D:9      | Noticed bande's ghost (journeyman GrFi)
  9754 | D:9      | Learned a level 1 spell: Beastly Appendage
  9757 | D:9      | Learned a level 2 spell: Wereblood
  9878 | D:9      | Reached skill level 1 in Transmutations
 10734 | D:9      | Slain by bande's ghost

Illustrated notes

Levels and vault maps discovered:
D:1:      dpeg_arrival_solitude, layout_loops_cross, corexii_leaking_fountain
D:2:      layout_loops_corners, grunt_ministairs_9, uniq_natasha, uniq_sigmund
D:3:      layout_loops_ring, general_overflow_altar,
          hellmonk_ecumenical_altar_blasted, guppyfry_early_orc_mine
D:4:      layout_basic, grunt_temple_overflow_octagram, cheibrodos_worm_habitat,
          mainiacjoe_overflow_chevrons, grunt_ministairs_2, minivault_11
D:5:      lemuel_ice_spiral_2, layout_basic, minmay_temple_entry_mist,
          serial_rivers, chequers_serial_rivers_room_b,
          chequers_serial_rivers_room_a, chequers_serial_rivers_micro_e,
          chequers_serial_rivers_large_b, chequers_serial_rivers_small_3,
          chequers_serial_rivers_micro_c, lemuel_flame_loot_1, uniq_menkaure,
          uniq_pikel
D:6:      layout_basic, nicolae_elyvilon_peaceful_grove, serial_shops,
          kennysheep_little_box
D:7:      layout_basic, serial_shops, nicolae_square_shop,
          nicolae_shop_clearance
D:8:      layout_gridville, lair_entry_dummy
D:9:      layout_long_grid, gammafunk_ghost_necromancy, st_stairs_2,
          lightli_church_of_beogh
Temple:   minmay_temple_curvy_loop

Skill      XL: |  1  2  3  4  5  6  7  8  9 10 |
---------------+-------------------------------+-----
Invocations    | 2 3 4 6 |  6.0
Armour         | 3 4 |  4.1
Maces & Flails | 3 5 |  5.2
Axes           | 6 8 10 | 10.4
Fighting       | 5 |  5.0
Dodging        | 2 |  2.0
Transmutations | 4 |  4.3
Short Blades   | |  0.4
Crossbows      | |  0.3
Stealth        | |  7.2

Action                   |  1- 3 |  4- 6 |  7- 9 | 10-12 || total
-------------------------+-------+-------+-------+-------++-------
Melee: Hand axe          |    35 |       |       |       ||    35
       Dagger            |    22 |    51 |       |       ||    73
       Mace              |       |    95 |    49 |       ||   144
       Battleaxe         |       |       |   110 |    91 ||   201
 Fire: Arbalest          |       |       |     3 |    17 ||    20
Invok: Heroism           |       |       |     7 |     3 ||    10
       Finesse           |       |       |       |     1 ||     1
 Abil: Spit Poison       |    10 |    66 |    42 |    22 ||   140
  Use: Scroll            |     1 |     3 |     5 |     8 ||    17
       Potion            |       |     1 |     1 |       ||     2
 Stab: Sleeping          |     1 |       |       |     1 ||     2
       Fleeing           |       |       |       |     1 ||     1
Armor: Leather armour    |     2 |       |       |       ||     2
       Chain mail        |    24 |   125 |   158 |    17 ||   324
       Steam dragon scal |       |       |       |    34 ||    34
       Troll leather arm |       |       |       |     1 ||     1
Dodge: Dodged            |    10 |    60 |   118 |    79 ||   267

Table legend: (Time is in decaauts)
 A = Elapsed time spent in this place.
 B = Non-inter-level travel time spent in this place.
 C = Inter-level travel time spent in this place.
 D = Time resting spent in this place.
 E = Time spent auto-exploring this place.
 F = Levels seen in this place.
 G = Mean time per level.
                   A        B        C        D        E       F      G
               +--------+--------+--------+--------+--------+-----+--------+
         Total |  13137 |  12812 |    325 |   1194 |   9165 |  10 | 1313.7 |
       Dungeon |  12655 |  12330 |    325 |   1194 |   8899 |   9 | 1406.1 |
        Temple |    482 |    482 |      0 |      0 |    265 |   1 |  482.0 |
               +--------+--------+--------+--------+--------+-----+--------+

Top non-repeatable levels by time:
     D:5: 2649 daAuts
     D:9: 2004 daAuts
     D:2: 1770 daAuts
     D:8: 1550 daAuts
     D:3: 1302 daAuts
     D:7: 1180 daAuts
     D:1: 854 daAuts
     D:6: 737 daAuts
     D:4: 605 daAuts
  Temple: 482 daAuts
